 Dungeon Crawl Stone Soup version 0.20.2-3-g29329e0561 (webtiles) character file.

125 Alfie the Covered (level 4, 0/41 HPs)
             Began as a Minotaur Fighter on Nov 10, 2020.
             Succumbed to a killer bee's poison
             ... on level 2 of the Dungeon.
             The game lasted 00:03:45 (1616 turns).

Alfie the Covered (Minotaur Fighter)                Turns: 1616, Time: 00:03:45

Health: 0/41       AC:  8    Str: 21    XL:     4   Next: 82%
Magic:  3/3        EV: 13    Int:  5    God:
Gold:   103        SH: 10    Dex: 15    Spells: 3/3 levels left

rFire    . . .     SeeInvis .   a - +0 long sword
rCold    . . .     Gourm    .   c - +0 shield
rNeg     . . .     Faith    .   b - +1 scale mail
rPois    .         Spirit   .   (helmet restricted)
rElec    .         Reflect  .   (no cloak)
rCorr    .         Harm     .   (no gloves)
MR       .....                  (no boots)
Stlth    +.........             (no amulet)
Regen    0.2/turn               (no ring)
MPRegen  0.1/turn               (no ring)

@: agile, lethally poisoned (0 -> -2)
A: retaliatory headbutt, horns 2
a: no special abilities


You were on level 2 of the Dungeon.
You were not hungry.

You visited 1 branch of the dungeon, and saw 3 of its levels.

You collected 103 gold pieces.

Inventory:

Hand Weapons
 a - a +0 long sword (weapon)
Armour
 b - a +1 scale mail (worn)
 c - a +0 shield (worn)
Jewellery
 h - an uncursed ring of stealth {unknown}
Scrolls
 g - 3 scrolls of recharging
Potions
 d - a potion of might
Comestibles
 f - 2 bread rations
 i - a meat ration


   Skills:
 + Level 4.5 Fighting
 + Level 3.6 Long Blades
 + Level 4.6 Armour
 + Level 1.3 Dodging
 + Level 4.2 Shields


You had 3 spell levels left.
You didn't know any spells.

Dungeon Overview and Level Annotations

Branches:
Dungeon (3/15)

Altars:
Kikubaaqudgha
Nemelex Xobeh
Trog
Vehumet
Xom
The Shining One


Innate Abilities, Weirdness & Mutations

You reflexively headbutt those who attack you in melee.
You have a pair of horns on your head.


Message History

The adder bites you but does no damage.
You slash the adder!
You kill the adder!
The killer bee stings you.
* * * LOW HITPOINT WARNING * * *
The killer bee stings you but does no damage.
You feel sick. The killer bee closely misses you. You furiously retaliate!
You headbutt the killer bee.
You see here an adder corpse.
You miss the killer bee.
The killer bee is moderately wounded.
The killer bee stings you!
* * * LOW HITPOINT WARNING * * *
You block the killer bee's attack. x2
Your shield and scale mail prevent you from hitting the killer bee.
The killer bee is moderately wounded.
You block the killer bee's attack. The killer bee stings you.
* * * LOW HITPOINT WARNING * * *
You feel agile all of a sudden.
You die...

...8####.# #.............##......
....#....######.###########.#####
...8#.#.....###.######## #.#
....#...###............# #.#
....##.########.######.# #.#
.._8#............# #.# #.#
8.8.##.########..# #.# #.#
#####.<# #.y# #.# #.# #..# #.@#
#.# #.##### #..# ##..# #.#
#...... #####..# ####...## ##.#
#.####. ...>)..# #.......# #..#
#.###.. .#####.# #.##.#.## #.##
#.#.... .# #.# #.###..# #.#
#..._.. .# #.# #.# ##.# #.#
#...... .# #.# #.# #.# #.#
#.....⌠ .# #.####.# #.# #.#
#......


You could see a killer bee.

Vanquished Creatures
  A killer bee (D:3)
  5 adders (D:2)
  2 worms (D:2)
  2 dart slugs (D:1)
  A leopard gecko (D:2)
  A ball python (D:2)
  2 giant cockroaches (D:1)
  A hobgoblin (D:1)
  2 jackals (D:2)
  5 kobolds
  A quokka (D:2)
  3 bats (D:1)
  A frilled lizard (D:2)
  A goblin (D:2)
  3 rats
31 creatures vanquished.

Notes
Turn   | Place    | Note
-------+----------+-------------------------------------------
     0 | D:1      | Alfie the Minotaur Fighter began the quest for the Orb.
     0 | D:1      | Reached XP level 1. HP: 19/19 MP: 0/0
   176 | D:1      | Reached XP level 2. HP: 21/27 MP: 1/1
  1060 | D:2      | Reached XP level 3. HP: 26/33 MP: 2/2
  1305 | D:2      | Found a radiant altar of Vehumet.
  1305 | D:2      | Found a glowing golden altar of the Shining One.
  1307 | D:2      | Found a sparkling altar of Nemelex Xobeh.
  1320 | D:2      | Reached skill level 1 in Dodging
  1553 | D:2      | Found an ancient bone altar of Kikubaaqudgha.
  1555 | D:2      | Found an opulent altar of Gozag.
  1555 | D:2      | Found a shimmering altar of Xom.
  1560 | D:2      | Reached XP level 4. HP: 40/41 MP: 3/3
  1561 | D:2      | Found a shimmering altar of Xom.
  1561 | D:2      | Found a bloodstained altar of Trog.
  1561 | D:2      | Found a bloodstained altar of Trog.
  1614 | D:2      | HP: 1/41 [killer bee (7)]
  1616 | D:2      | Succumbed to a killer bee's poison

Skill      XL: |  1  2  3 |
---------------+----------+-----
Fighting       | 4 |  4.5
Armour         | 4 |  4.6
Long Blades    | 3 |  3.6
Dodging        | 1 |  1.3
Shields        | 4 |  4.2

Action                   |  1- 3 |  4- 6 || total
-------------------------+-------+-------++-------
Melee: Long sword        |    77 |     8 ||    85
       Headbutt          |    14 |     2 ||    16
  Use: Scroll            |     8 |       ||     8
       Potion            |     2 |     1 ||     3
  Eat: Royal jelly       |     1 |       ||     1
       Fruit             |     1 |       ||     1
Armor: Scale mail        |    42 |     8 ||    50
Dodge: Dodged            |    24 |     4 ||    28
Block: Shield            |    46 |     7 ||    53
       Rpst.: Long sword |     5 |       ||     5
